 Dungeon Crawl Stone Soup version 0.30-a0-557-ge2afbf3030 (webtiles) character file.

Game seed: 6820257955134091658

15135 IdlyInterested the Covert (level 11, -10/81 HPs)
             Began as a Demonspawn Wanderer on Dec 27, 2022.
             Was a Priest of Trog.
             Killed from afar by an oklob plant (15 damage)
             ... with a splash of acid
             ... on level 1 of the Lair of Beasts.
             The game lasted 00:51:05 (12043 turns).

IdlyInterested the Covert (Demonspawn Wanderer)    Turns: 12043, Time: 00:51:05

Health: -10/81     AC:  3    Str: 12    XL:     11   Next: 97%
Magic:  12/12      EV: 14    Int:  7    God:    Trog [***...]
Gold:   1074       SH:  8    Dex: 21    Spells: 12/12 levels left

rFire   . . .      SeeInvis .    j - +1 short sword (heavy)
rCold   + . .      Faith    .    d - +2 buckler {rPois}
rNeg    . . .      Spirit   .    l - +5 ring mail {Will+}
rPois   +          Reflect  .    o - +2 helmet
rElec   .          Harm     .    W - +1 cloak {rPois}
rCorr   +          Rampage  .    (no gloves)
Will    +....                    (no boots)
Stlth   +++++                    V - amulet of Wishful Thinking {rPois rC+ Regen+ Int-3}
HPRegen 1.13/turn                m - +4 ring of slaying
MPRegen 0.13/turn                c - ring of resist corrosion

@: corroded
A: hooves 2, demonic guardian 1, powered by pain 1, sturdy frame 1
a: Renounce Religion, Berserk, Trog's Hand


You were on level 1 of the Lair of Beasts.
You worshipped Trog.
Trog was most pleased with you.
You visited 3 branches of the dungeon, and saw 11 of its levels.
You also visited: Gauntlet.

You collected 1492 gold pieces.
You spent 418 gold pieces at shops.

Inventory:

Hand Weapons
 j - a +1 heavy short sword (weapon)
 v - a +3 short sword of electrocution
 x - the +8 dagger of the Grave {venom, rC- Str+3 Dex+3}
   (You found it on level 3 of the Dungeon)

   It poisons the flesh of those it strikes.
   Str:       It affects your strength (+3).
   Dex:       It affects your dexterity (+3).
   rC:        It makes you vulnerable to cold.
Missiles
 b - 3 atropa-tipped darts
 e - 38 poisoned darts
 w - a datura-tipped dart
 D - 3 silver boomerangs
 G - 9 boomerangs (quivered)
 N - 7 javelins
 Q - 4 curare-tipped darts
Armour
 d - a +2 buckler of poison resistance (worn)
 l - a +5 ring mail of willpower (worn)
 o - a +2 helmet (worn)
 C - a +2 chain mail of willpower
 K - an orb of mayhem
 T - the +0 robe of the Dwarven Hall {rF+ Int+4}
   (You found it on level 7 of the Dungeon)

   Int:       It affects your intelligence (+4).
   rF:        It protects you from fire.
 W - a +1 cloak of poison resistance (worn)
 X - a +3 scale mail of cold resistance
 Z - a +2 hat
Jewellery
 c - a ring of resist corrosion (right hand)
 m - a +4 ring of slaying (left hand)
 r - a +6 ring of strength
 s - a ring of ice
 E - a +4 ring of protection
 L - a ring of willpower
 V - the amulet of Wishful Thinking (around neck) {rPois rC+ Regen+ Int-3}
   (You found it in a Gauntlet)

   [amulet of regeneration]

   Int:       It affects your intelligence (-3).
   rC:        It protects you from cold.
   rPois:     It protects you from poison.
   Regen:     It increases your rate of health regeneration.
 Y - a +6 ring of intelligence
Wands
 y - a wand of charming (13)
 B - a wand of roots (1)
 J - a wand of mindburst (14)
 R - a wand of light (38)
 S - a wand of polymorph (6)
Scrolls
 g - 2 scrolls of blinking
 h - 6 scrolls of teleportation
 k - a scroll of vulnerability
 F - a scroll of fear
 H - a scroll of enchant armour
 I - a scroll of magic mapping
 P - 2 scrolls of immolation
Potions
 f - 4 potions of magic
 n - 2 potions of attraction
 p - a potion of mutation
 q - a potion of resistance
 u - 3 potions of curing
 z - 3 potions of might
 A - 3 potions of flight
 M - 2 potions of haste
 O - a potion of ambrosia {unknown}
 U - 2 potions of invisibility {unknown}
Miscellaneous
 a - a box of beasts
 i - a condenser vane


   Skills:
 - Level 6.0 Fighting
 * Level 10.1 Short Blades
 - Level 3.6 Ranged Weapons
 - Level 2.0 Throwing
 - Level 2.0 Armour
 - Level 6.0 Dodging
 - Level 12.0 Stealth
 * Level 5.3 Shields
 - Level 1.0 Spellcasting
 - Level 2.0 Evocations


You had 12 spell levels left.
You didn't know any spells.
Your spell library contained the following spells:

 Spells                   Type           Power      Damage    Failure   Level
 Magic Dart               Conj           0%         1d3       63%         1
 Blink                    Tloc           0%         N/A       77%         2
 Call Imp                 Summ           0%         N/A       77%         2
 Momentum Strike          Conj/Tloc      0%         3d8       77%         2
 Lesser Beckoning         Tloc           0%         N/A       94%         3
 Mephitic Cloud           Conj/Pois/Air  0%         N/A       94%         3


Dungeon Overview and Level Annotations

Branches:
Dungeon (9/15)             Temple (1/1) D:5            Lair (1/5) D:9
    Orc (0/2) D:9         Gauntlet (visited)

Altars:
Ashenzari
Cheibriados
Dithmenos
Fedhas
Gozag
Hepliaklqana
Kikubaaqudgha
Makhleb
Nemelex Xobeh
Okawaru
Ru
Sif Muna
Trog
Uskayaw
Vehumet
Wu Jian
Xom
Yredelemnul

Shops:
D:4 [

Portals:
Abyss: D:3

Annotations:
Lair:1 exclusion: 4 oklob plants


Innate Abilities, Weirdness & Mutations

You have hoof-like feet.
A weak demonic guardian rushes to your aid.
You sometimes gain a little power by taking damage.
Your movements are slightly less encumbered by armour. (ER -2)


Message History

There is an open door here.
Found three items.
The oklob plant spits acid at you. The splash of acid hits you. You resist.
The oklob plant spits acid at you. The splash of acid hits you! You resist.
The oklob plant spits acid at you. The splash of acid hits you! You resist.
You miss the electric eel. You hit the electric eel.
Your kick misses the electric eel.
The electric eel is moderately wounded.
The oklob plant spits acid at you. The splash of acid hits you! You resist.
The acid corrodes you!
The electric eel shoots out a bolt of lightning at you!
The bolt of electricity hits you! The oklob plant spits acid at you.
The splash of acid misses you.
You hit the electric eel.
The electric eel is moderately wounded.
The oklob plant spits acid at you. The splash of acid hits you! You resist.
The oklob plant spits acid at you. The splash of acid hits you! You resist.
* * * LOW HITPOINT WARNING * * *
The oklob plant spits acid at you.
The splash of acid hits you but does no damage.
The acid corrodes you!
You feel better. The oklob plant spits acid at you.
The splash of acid hits you. You resist. The oklob plant spits acid at you.
The splash of acid hits you! You resist.
* * * LOW HITPOINT WARNING * * *
A demonic guardian appears!
The acid corrodes you! The oklob plant spits acid at you.
The splash of acid hits you! You resist.
* * * LOW HITPOINT WARNING * * *
The oklob plant spits acid at you. The splash of acid hits you! You resist.
You die... ..#..#..###############...# #.. ...#.##..# #PPPPPP#

#...# #.. ...#.##..# #~~~~~~#
#...#####.. .....##..# #~....~#
#.......... .....##.####......#
###..........
...>.##.†#:.......###.#..........
......#..#$.......'..##....#..P.[
.....##.##!.......##......#####..
...#.....###..5.@.#####...#####..
...#.###.# #~....S# #...[......
...#.# #.# #~~~~~~# ####.#.P...
...P.###.#


#PPPPPP# ##.###... ......##.############# #........
......##...#########P#####....... ......##.................#.......
......##.................#.#..... ......##..########.#.##P(........ You could
see 4 oklob plants, an electric eel and a friendly iron imp (summoned).

Vanquished Creatures
  A minotaur (Gauntlet)
  A catoblepas (Lair:1)
  Amaemon (D:9)
  2 slime creatures (Gauntlet)
  A necromancer (Gauntlet)
  A black mamba (Lair:1)
  A molten gargoyle (Lair:1)
  5 elephants
  A torpor snail (Gauntlet)
  2 cane toads (Lair:1)
  A rime drake (Lair:1)
  A komodo dragon (Lair:1)
  2 trolls
  A polar bear (Lair:1)
  Grinder (D:6)
  Sigmund (D:3)
  3 shadows (Gauntlet)
  7 yaks
  A wyvern (D:7)
  2 fire bats (Lair:1)
  The ghost of NinjaNoafa the Ducker, an amateur MfGl (D:3)
  A fire elemental (Lair:1)
  3 steam dragons
  Edmund (D:6)
  3 acid dragons
  A small abomination (D:3)
  3 water moccasins
  3 orc warriors
  An ice beast (D:5)
  2 black bears
  A centaur (D:7)
  3 ogres
  9 wolves
  3 kobold brigands
  8 bullfrogs
  A necrophage (D:8)
  2 scorpions
  5 howler monkeys
  3 hounds
  6 jellies
  3 orc priests
  A gnoll bouda (D:5)
  4 iguanas
  Terence (D:3)
  Natasha (thrice) (D:3)
  2 orc wizards
  Robin (D:2)
  5 gnolls (D:5)
  7 adders
  A shadow imp (D:3)
  4 white imps
  An ufetubus (D:3)
  A worm (D:5)
  5 dart slugs
  26 orcs
  3 ball pythons
  15 endoplasms
  2 giant cockroaches
  8 goblins
  8 hobgoblins
  22 kobolds
  7 quokkas
  5 bats
  4 frilled lizards
  5 rats
240 creatures vanquished.

Vanquished Creatures (collateral kills)
  An orange demon (D:9)
  A black bear (D:9)
  2 wolves
  A bullfrog (Lair:1)
  An orc priest (D:9)
  An orc wizard (D:7)
  An adder (D:2)
  5 orcs
  2 endoplasms (D:4)
  3 goblins (D:2)
  3 hobgoblins (D:2)
  2 kobolds
23 creatures vanquished.

Vanquished Creatures (others)
  A wizard (D:4)
  A wolf (Lair:1)
  2 orc priests (D:9)
  An orc wizard (D:6)
  6 orcs
  3 fungi
  2 plants
  8 toadstools (D:4)
  A withered plant (Gauntlet)
25 creatures vanquished.

Grand Total: 288 creatures vanquished

Notes
Turn   | Place    | Note
-------+----------+-------------------------------------------
     0 | D:1      | IdlyInterested the Demonspawn Wanderer began the quest for
                  | the Orb.
     0 | D:1      | IdlyInterested set off with the following items: a +0
                  | dagger, an atropa-tipped dart, a datura-tipped dart, a +0
                  | sling, 10 poisoned darts, a +0 dagger, a scroll of
                  | blinking, a +0 leather armour.
     0 | D:1      | Reached XP level 1. HP: 13/13 MP: 2/2
   102 | D:1      | Reached skill level 3 in Stealth
   113 | D:1      | Reached skill level 1 in Fighting
   136 | D:1      | Gained mutation: A weak demonic guardian rushes to your
                  | aid. [demonic ancestry]
   136 | D:1      | Reached XP level 2. HP: 21/21 MP: 3/3
   658 | D:1      | Reached XP level 3. HP: 26/28 MP: 4/4
  1094 | D:2      | Noticed Robin
  1107 | D:2      | Reached skill level 1 in Armour
  1137 | D:2      | Killed Robin
  1138 | D:2      | Gained mutation: You sometimes gain a little power by
                  | taking damage. [demonic ancestry]
  1138 | D:2      | Reached XP level 4. HP: 31/34 MP: 5/5
  1263 | D:2      | Found Cuss's Distillery.
  1541 | D:2      | Bought a potion of heal wounds for 55 gold pieces
  1541 | D:2      | Bought a potion of curing for 33 gold pieces
  1571 | D:3      | Noticed Terence
  1581 | D:3      | Killed Terence
  1692 | D:3      | Noticed Sigmund
  1697 | D:3      | Killed Sigmund
  1698 | D:3      | Reached skill level 5 in Stealth
  1698 | D:3      | Gained mutation: You have large cloven feet. [demonic
                  | ancestry]
  1698 | D:3      | Reached XP level 5. HP: 41/41 MP: 6/6
  1698 | D:3      | Gained mutation: Your movements are slightly less
                  | encumbered by armour. (ER -2) [demonic ancestry]
  1698 | D:3      | Reached XP level 6. HP: 47/47 MP: 7/7
  1803 | D:3      | Identified the +8 dagger of the Grave {venom, rC- Str+3
                  | Dex+3}
  1844 | D:3      | Found a transporter.
  1852 | D:3      | Found a transporter.
  1941 | D:3      | Noticed a small abomination
  1955 | D:3      | Noticed NinjaNoafa's ghost (amateur MfGl)
  2087 | D:3      | Noticed Natasha
  2092 | D:3      | Killed Natasha
  2201 | D:3      | Noticed Natasha
  2213 | D:3      | Killed Natasha
  2314 | D:3      | Noticed Natasha
  2319 | D:3      | Killed Natasha
  2320 | D:3      | Reached skill level 1 in Short Blades
  2321 | D:3      | Found an ornate altar of the Wu Jian Council.
  2504 | D:3      | Killed NinjaNoafa's ghost
  2505 | D:3      | Reached skill level 6 in Stealth
  2510 | D:3      | Killed a small abomination
  2511 | D:3      | Gained mutation: You have hoof-like feet. [demonic
                  | ancestry]
  2511 | D:3      | Reached XP level 7. HP: 26/53 MP: 8/8
  2537 | D:3      | Found a one-way gate to the infinite horrors of the Abyss.
  2712 | D:4      | Found Koris's Armour Boutique.
  3243 | D:4      | Found a bloodstained altar of Trog.
  3266 | D:4      | Noticed a wizard
  3268 | D:4      | Killed a wizard
  3500 | D:4      | Reached skill level 1 in Evocations
  4127 | D:5      | Entered Level 5 of the Dungeon
  4386 | D:5      | Found a staircase to the Ecumenical Temple.
  4401 | D:5      | Reached XP level 8. HP: 60/60 MP: 9/9
  4449 | D:5      | Reached skill level 5 in Short Blades
  5027 | D:5      | Found a shadowy altar of Dithmenos.
  5220 | Temple   | Entered the Ecumenical Temple
  5341 | D:4      | Became a worshipper of Trog the Wrathful
  5405 | D:2      | Bought a potion of haste for 110 gold pieces
  5405 | D:2      | Bought a potion of brilliance for 44 gold pieces
  5792 | D:6      | Found an ancient bone altar of Kikubaaqudgha.
  5792 | D:6      | Found a shimmering altar of Xom.
  5793 | D:6      | Found a sparkling altar of Nemelex Xobeh.
  5962 | D:6      | Noticed Edmund
  5977 | D:6      | Killed Edmund
  6016 | D:6      | Noticed Grinder
  6026 | D:6      | Killed Grinder
  6027 | D:6      | Reached XP level 9. HP: 58/66 MP: 10/10
  6538 | D:2      | Bought a potion of mutation for 88 gold pieces
  6926 | D:7      | Identified the +0 robe of the Dwarven Hall {rF+ Int+4}
  7094 | D:7      | Reached * piety under Trog
  7095 | D:7      | Reached skill level 5 in Fighting
  7631 | D:2      | Bought a potion of attraction for 33 gold pieces
  7724 | D:7      | Identified a scroll of acquirement
  7724 | D:7      | Acquired 971 gold pieces
  7948 | D:8      | Found a hide-covered altar of Uskayaw.
  8206 | D:8      | Noticed a troll
  8212 | D:8      | Killed a troll
  8213 | D:8      | Reached skill level 10 in Short Blades
  8382 | D:8      | Reached XP level 10. HP: 76/76 MP: 11/11
  8693 | D:8      | Reached skill level 1 in Shields
  8978 | D:2      | Bought a potion of berserk rage for 55 gold pieces
  9545 | D:9      | Reached skill level 7 in Stealth
  9583 | D:9      | Noticed Amaemon
  9583 | D:9      | Noticed an orange demon
  9589 | D:9      | Killed an orange demon
  9595 | D:9      | Killed Amaemon
  9855 | D:9      | Reached ** piety under Trog
  9960 | D:9      | Found a staircase to the Orcish Mines.
  9982 | D:9      | Reached skill level 8 in Stealth
 10177 | D:9      | Noticed an elephant
 10178 | D:9      | Found a staircase to the Lair.
 10190 | D:9      | Killed an elephant
 10315 | Lair:1   | Entered Level 1 of the Lair of Beasts
 10315 | Lair:1   | Noticed an elephant
 10315 | Lair:1   | Noticed an elephant
 10315 | Lair:1   | Noticed an elephant
 10315 | Lair:1   | Noticed an elephant
 10316 | Lair:1   | Killed an elephant
 10322 | Lair:1   | Reached skill level 5 in Dodging
 10332 | Lair:1   | Killed an elephant
 10333 | Lair:1   | Reached skill level 9 in Stealth
 10333 | Lair:1   | Reached XP level 11. HP: 80/81 MP: 12/12
 10373 | Lair:1   | Found a gate leading to a gauntlet.
 10382 | Gauntlet | Entered a Gauntlet
 10382 | Gauntlet | Found a transporter.
 10382 | Gauntlet | Found a transporter.
 10382 | Gauntlet | Found a transporter.
 10396 | Gauntlet | Noticed a death yak
 10403 | Gauntlet | Found a transporter.
 10423 | Gauntlet | Noticed a death yak
 10425 | Gauntlet | Found a transporter.
 10425 | Gauntlet | Found a transporter.
 10427 | Gauntlet | Noticed a death yak
 10470 | Gauntlet | Found a transporter.
 10491 | Gauntlet | Found a transporter.
 10497 | Gauntlet | Found a transporter.
 10533 | Gauntlet | Noticed a necromancer
 10537 | Gauntlet | Found a transporter.
 10554 | Gauntlet | Found a transporter.
 10562 | Gauntlet | Found a transporter.
 10985 | Gauntlet | Killed a necromancer
 10985 | Gauntlet | Reached *** piety under Trog
 10986 | Gauntlet | Reached skill level 10 in Stealth
 10997 | Gauntlet | Identified the amulet of Wishful Thinking {rPois rC+ Regen+
                  | Int-3}
 11118 | Gauntlet | Noticed a minotaur
 11134 | Gauntlet | Killed a minotaur
 11321 | Lair:1   | Reached skill level 11 in Stealth
 11667 | Lair:1   | Identified the +1 leather armour of Nysis {rPois rC- rCorr
                  | Int+4}
 11835 | Lair:1   | Noticed a catoblepas
 11846 | Lair:1   | Reached skill level 12 in Stealth
 11864 | Lair:1   | Killed a catoblepas
 11865 | Lair:1   | Reached skill level 5 in Shields
 12030 | Lair:1   | Noticed an oklob plant
 12030 | Lair:1   | Noticed an oklob plant
 12030 | Lair:1   | Noticed an oklob plant
 12037 | Lair:1   | Noticed an oklob plant
 12043 | Lair:1   | Killed from afar by an oklob plant

Illustrated notes

Levels and vault maps discovered:
D:1:      minmay_arrival_four_houses, layout_loops_ring, serial_forest,
          infiniplex_forest_straight_2, infiniplex_forest_clump_diagonal,
          infiniplex_forest_lined_2, infiniplex_forest_clump_double,
          infiniplex_forest_lined_room_2, infiniplex_forest_end_double,
          infiniplex_forest_straight_2
D:2:      layout_basic, serial_shops, nicolae_shop_trees, uniq_robin
D:3:      layout_loops_ring, nicolae_wu_jian_wuxing_cycle,
          gammafunk_ghost_abyssal_escape, kennysheep_donut, uniq_terence,
          uniq_natasha, uniq_sigmund
D:4:      cheibrodos_fertilizer, layout_layer_cave, trog_wizard, serial_forest,
          infiniplex_forest_join, infiniplex_forest_lined_1,
          infiniplex_forest_corner_1, infiniplex_forest_lined_ring,
          infiniplex_forest_clump_cross, infiniplex_forest_lined_2,
          infiniplex_forest_clump_tiny, serial_shops, nicolae_stop_n_shop_2
D:5:      layout_gridville, gammafunk_temple_overflow_wave, temple_pool_b,
          kennysheep_generic_room_6
D:6:      layout_loops_ring, chequers_temple_overflow_statue_of_worship,
          uniq_grinder, uniq_edmund
D:7:      layout_loops_ring, nicolae_figureground_pulse
D:8:      layout_loops_corners, nicolae_uskayaw_dance_hall
D:9:      layout_roguey, david_lair_generic, david_orc_5,
          kennysheep_generic_room_13, uniq_amaemon
Temple:   cyrus_circular_temple
Lair:1:   dpeg_oklob_gauntlet, layout_gridlike, gauntlet_entry_generic

Skill      XL: |  1  2  3  4  5  6  7  8  9 10 11 |
---------------+----------------------------------+-----
Stealth        | 3 5 6 9 12 | 12.0
Fighting       | 1 2 3 4 6 |  6.0
Armour         | 1 2 |  2.0
Short Blades   | 2 4 7 10 | 10.1
Evocations     | 1 2 |  2.0
Dodging        | 2 3 5 6 |  6.0
Throwing       | 2 |  2.0
Shields        | 3 5 |  5.3
Ranged Weapons | |  3.6
Spellcasting   | |  1.0

Action                   |  1- 3 |  4- 6 |  7- 9 | 10-12 || total
-------------------------+-------+-------+-------+-------++-------
Melee: Dagger            |   130 |     6 |       |       ||   136
       Punch             |     2 |     2 |     3 |       ||     7
       Short sword       |       |    58 |   280 |   270 ||   608
       Kick              |       |       |    19 |   106 ||   125
Throw: Dart              |    10 |       |     1 |     3 ||    14
       Boomerang         |       |       |    40 |    32 ||    72
Invok: Berserk           |       |       |       |     2 ||     2
       Trog's Hand       |       |       |       |     1 ||     1
Evoke: Wand              |       |       |     2 |     3 ||     5
  Use: Scroll            |     4 |     2 |     9 |     8 ||    23
       Potion            |       |     2 |       |     3 ||     5
 Stab: Sleeping          |     8 |     7 |    13 |     7 ||    35
       Distracted        |       |     1 |     1 |     5 ||     7
       Petrified         |       |       |       |     1 ||     1
Armor: Leather armour    |    42 |       |       |       ||    42
       Ring mail         |    17 |    24 |    88 |   116 ||   245
Dodge: Dodged            |    80 |    30 |    96 |   158 ||   364
Block: Buckler           |       |       |       |    53 ||    53

Table legend: (Time is in decaauts)
 A = Elapsed time spent in this place.
 B = Non-inter-level travel time spent in this place.
 C = Inter-level travel time spent in this place.
 D = Time resting spent in this place.
 E = Time spent auto-exploring this place.
 F = Levels seen in this place.
 G = Mean time per level.
                   A        B        C        D        E       F      G
               +--------+--------+--------+--------+--------+-----+--------+
         Total |  11961 |   9804 |   2157 |    675 |   6221 |  12 |  996.8 |
       Dungeon |  10179 |   8046 |   2133 |    367 |   5671 |   9 | 1131.0 |
        Temple |     67 |     44 |     23 |      0 |     34 |   1 |   67.0 |
          Lair |    791 |    791 |      0 |     34 |    515 |   1 |  791.0 |
      Gauntlet |    923 |    923 |      0 |    273 |      1 |   1 |  923.0 |
               +--------+--------+--------+--------+--------+-----+--------+

Top non-repeatable levels by time:
     D:4: 1679 daAuts
     D:5: 1413 daAuts
     D:8: 1199 daAuts
     D:3: 1032 daAuts
     D:9: 996 daAuts
     D:6: 976 daAuts
     D:1: 975 daAuts
     D:7: 971 daAuts
     D:2: 934 daAuts
Gauntlet: 923 daAuts
  Lair:1: 791 daAuts
  Temple: 67 daAuts
